Map: Ruines de Seras

Players

sKE - Winner!

  • Race: Terran Terran
  • League: Gold

Plutonun

  • Race: Protoss Protoss
  • League: Silver

VOD

Have the link to the VOD?

Description

Time

  • Played on: Nov. 12, 2015, 2:18 p.m.
  • Length: 19:35
Show
View Real Time Build Order
Export as new Build Order

sKE Terran - Winner!

Build Orders: MMM Bio 

Get SALT Encoding   

  12  0:01  SCV  
  13  0:13  SCV  
  14  0:20  Supply Depot  
  14  0:25  SCV  
  15  0:41  SCV  
  16  0:47  Barracks  
  16  0:53  SCV  
  17  0:58  Barracks  
  17  1:05  SCV  
  18  1:18  SCV, Barracks  
  19  1:33  Orbital Command  
  19  1:34  Marine  
  20  1:42  Supply Depot  
  20  1:46  Marine  
  21  1:50  Refinery  
  21  2:06  SCV  
  22  2:20  Command Center  
  22  2:22  SCV  
  23  2:28  Marine  
  23  2:29  Marine  
  25  2:30  Marine  
  26  2:37  SCV  
  27  2:47  Barracks Tech Lab, Marine  
  27  2:48  Marine  
  27  2:49  SCV  
  30  2:53  Supply Depot  
  30  2:59  Engineering Bay  
  30  3:01  SCV  
  31  3:14  Marine  
  31  3:15  SCV, Marauder, Marine  
  31  3:19  Supply Depot  
  36  3:24  Refinery  
  36  3:29  SCV  
  36  3:34  Orbital Command  
  37  3:53  Marauder, Marine x2  
  41  3:56  Factory  
  41  3:57  Stimpack  
  41  4:03  Missile Turret  
  41  4:07  Missile Turret  
  41  4:14  SCV x2  
  41  4:16  Marine  
  44  4:17  Marine  
  44  4:19  Marine  
  46  4:29  Terran Infantry Weapons Level 1, Missile Turret  
  46  4:38  Barracks Tech Lab  
  46  4:43  Marine  
  46  4:44  Marine  
  45  4:49  Factory Tech Lab  
  45  4:59  Marauder  
  47  5:00  Missile Turret  
  47  5:01  Marine  
  47  5:02  Marauder  
  47  5:06  Combat Shields  
  50  5:08  SCV x2  
  52  5:20  SCV, Hellion  
  52  5:21  SCV, Marine x2  
  56  5:23  Refinery  
  56  5:28  Starport  
  58  5:33  SCV x2  
  62  5:43  Refinery, Marauder  
  62  5:58  Supply Depot  
  62  6:04  Supply Depot  
  62  6:07  Concussive Shells  
  62  6:19  Marauder, SCV x2, Medivac, Marine  
  69  6:26  Marauder  
  69  6:29  Barracks  
  69  6:30  Terran Infantry Armor Level 1  
  71  6:34  Supply Depot  
  71  6:35  Hellion  
  71  6:37  SCV x2  
  73  6:48  Marine  
  73  6:49  Marauder x2  
  78  6:56  SCV x2  
  78  7:00  Supply Depot  
  80  7:04  Medivac  
  82  7:09  Missile Turret  
  82  7:10  Supply Depot  
  82  7:13  Armory  
  82  7:16  Hellion  
  82  7:20  Marine x2  
  82  7:22  Marine  
  87  7:35  SCV  
  87  7:36  SCV  
  89  7:37  Hellion, Medivac  
  89  7:40  Marauder  
  95  7:49  SCV x2  
  97  8:04  Sensor Tower  
  97  8:08  Starport Reactor  
  97  8:27  Barracks Reactor  
  97  8:28  Barracks Tech Lab  
  97  8:29  Marine  
  97  8:30  Marauder  
  97  8:34  Supply Depot  
  100  8:37  Command Center  
  103  8:55  Siege Tank  
  103  8:58  Marine x3  
  78  9:34  Marauder, Marine x3  
  78  9:35  Marine  
  78  9:36  Siege Tank, Medivac  
  76  10:12  Marauder, Marine x3  
  76  10:13  Marine  
  79  10:14  Hellion, Medivac  
  79  10:15  Medivac  
  80  10:46  Marine x2  
  80  10:47  Marauder, Marine x2  
  80  10:48  SCV x2  
  80  10:49  Orbital Command  
  86  10:55  Siege Tank  
  89  11:04  Marine x2  
  89  11:05  Marauder  
  89  11:06  Barracks x2  
  89  11:08  Barracks x2  
  89  11:09  Terran Infantry Weapons Level 2, Barracks  
  89  11:10  Terran Vehicle Weapons Level 1  
  93  11:18  Command Center, Marauder, Marine  
  96  11:22  Marine  
  82  12:02  Marauder, Marine x4  
  82  12:04  Siege Tank  
  83  12:21  Marine x2  
  83  12:22  Marauder  
  84  12:25  Barracks Tech Lab x5  
  82  12:48  Marine x3  
  82  12:49  Marine x2, Marauder x4  
  82  12:51  Medivac x2  
  92  12:53  Marauder  
  92  12:54  Hellion  
  92  12:56  Orbital Command  
  96  13:06  Marine x2  
  96  13:07  Marine, Marauder x2  
  103  13:16  Hellion  
  105  13:23  Marauder x2, Marine x2  
  105  13:24  Marine x2, Marauder  
  105  13:25  Terran Infantry Armor Level 2  
  105  13:26  Marauder  
  117  13:28  Marine  
  117  13:29  Marauder  
  117  13:30  Medivac  
  117  13:33  Medivac  
  124  13:39  Starport  
  126  13:41  Marauder  
  126  13:53  Refinery  
  126  13:58  SCV x2, Refinery  
  126  13:59  SCV  
  129  14:06  Marauder x4  
  137  14:31  Ghost Academy  
  137  14:39  SCV x3  
  140  15:31  Missile Turret  
  140  15:32  Sensor Tower  
  140  15:51  Barracks  
  140  16:35  Factory x2  
  140  16:36  SCV, Factory, Marine  
  140  16:37  Missile Turret  
  140  16:39  Barracks  
  140  16:46  Missile Turret  
  140  16:48  Refinery x2  
  140  16:52  Command Center  
  140  17:05  SCV  
  140  17:06  Marine x2  
  140  17:07  SCV x2, Marauder, Marine x2  
  140  17:08  Marauder  
  140  17:10  Medivac  
  140  17:15  Marauder  
  139  17:18  Marauder  
  139  17:21  Marauder  
  140  17:31  Barracks Tech Lab  
  140  17:33  Factory Reactor x3  
  140  17:44  Marine x4  
  140  17:45  Marauder x2  
  140  17:46  Command Center  
  140  17:47  Command Center  
  148  17:52  Factory  
  148  17:58  Missile Turret  
  148  18:00  Missile Turret  
  148  18:03  Missile Turret  
  148  18:04  Marauder x4, Siege Tank, Medivac x2  
  163  18:05  Sensor Tower  
  163  18:10  Planetary Fortress  
  163  18:27  Marine  
  163  18:31  Marine  
  163  18:32  Marine  
  163  18:34  Marauder, Medivac  
  162  18:35  Marauder x2  
  130  19:00  Marine x2  
  130  19:01  Marauder x6, Marine x3  
Show
View Real Time Build Order
Export as new Build Order

Plutonun Protoss 

Build Orders: Oracle Opening 

Get SALT Encoding   

  12  0:01  Probe (Chrono Boost)  
  13  0:11  Probe (Chrono Boost)  
  14  0:18  Pylon  
  14  0:23  Probe (Chrono Boost)  
  15  0:36  Probe (Chrono Boost)  
  16  0:47  Gateway  
  16  0:49  Probe (Chrono Boost)  
  17  0:59  Probe (Chrono Boost)  
  17  1:00  Assimilator  
  18  1:05  Assimilator  
  18  1:10  Probe (Chrono Boost)  
  19  1:14  Pylon  
  19  1:20  Probe (Chrono Boost)  
  20  1:31  Probe (Chrono Boost)  
  21  1:35  Cybernetics Core  
  21  1:41  Probe (Chrono Boost)  
  22  1:52  Probe (Chrono Boost)  
  23  2:03  Probe (Chrono Boost)  
  23  2:09  Gateway  
  23  2:12  Stalker  
  23  2:13  Probe (Chrono Boost), Pylon  
  23  2:15  Warp Gate (Chrono Boost)  
  26  2:24  Mothership Core (Chrono Boost)  
  28  2:34  Stargate  
  28  2:42  Stalker (Chrono Boost)  
  30  2:51  Probe  
  33  2:59  Stalker (Chrono Boost)  
  33  3:17  Oracle (Chrono Boost)  
  33  3:19  Zealot  
  38  3:24  Probe  
  39  3:39  Pylon  
  39  3:49  Pylon  
  39  3:51  Gateway  
  39  3:57  Probe  
  40  4:16  Sentry x2  
  44  4:20  Probe  
  45  4:29  Robotics Facility  
  45  4:32  Probe  
  46  4:53  Probe  
  47  5:04  Nexus  
  47  5:05  Stalker x3, Pylon  
  53  5:08  Pylon  
  53  5:12  Pylon  
  53  5:17  Observer (Chrono Boost)  
  53  5:20  Probe  
  55  5:24  Forge  
  55  5:28  Sentry  
  57  5:31  Stalker  
  57  5:33  Stalker  
  61  5:45  Probe, Observer (Chrono Boost)  
  63  5:57  Probe  
  63  6:03  Observer (Chrono Boost)  
  65  6:09  Probe  
  66  6:11  Photon Cannon  
  66  6:14  Photon Cannon  
  66  6:17  Protoss Ground Armor Level 1  
  66  6:18  Zealot  
  66  6:19  Probe  
  66  6:21  Probe  
  70  6:29  Probe  
  70  6:31  Assimilator  
  71  6:33  Probe  
  71  6:35  Assimilator  
  72  6:49  Zealot x3  
  78  6:55  Photon Cannon  
  78  6:57  Gateway, Probe  
  78  6:58  Probe  
  80  7:12  Probe  
  80  7:14  Probe, Photon Cannon  
  82  7:21  Immortal (Chrono Boost)  
  82  7:22  Probe  
  86  7:26  Probe  
  88  7:33  Probe  
  89  7:37  Zealot x2  
  89  7:38  Probe  
  89  7:43  Pylon  
  94  7:45  Pylon  
  94  7:54  Twilight Council  
  94  8:11  Nexus  
  94  8:12  Pylon  
  94  8:27  Stalker  
  94  8:28  Stalker x3  
  102  8:38  Templar Archives  
  102  8:57  Stalker x3  
  102  8:58  Stalker  
  110  9:04  Photon Cannon  
  75  9:27  Stalker x4  
  71  9:51  Stalker x2  
  71  9:52  Stalker x2  
  61  10:01  Stalker x2  
  61  10:05  Stalker  
  55  10:17  Pylon  
  55  10:19  Pylon  
  53  10:39  Stalker  
  53  10:40  Stalker x3  
  61  10:50  Pylon  
  61  10:53  Photon Cannon  
  61  10:56  Pylon  
  61  10:57  Pylon  
  61  10:58  Psionic Storm  
  61  11:09  Gateway  
  61  11:10  Gateway  
  61  11:14  Gateway  
  61  11:16  Gateway  
  61  11:19  Stalker  
  61  11:20  Stalker x3  
  59  11:44  Stalker x3  
  59  11:45  Stalker  
  47  12:07  Stalker  
  47  12:08  Stalker x3  
  45  12:34  Stalker x2  
  45  12:35  Stalker x2  
  52  12:40  Stalker x3  
  52  12:41  Stalker  
  55  12:54  Probe  
  55  12:55  Pylon  
  55  12:56  Pylon  
  56  13:05  Probe  
  56  13:08  Immortal (Chrono Boost)  
  61  13:32  High Templar x3  
  61  13:33  High Templar x4  
  75  14:00  Nexus  
  75  14:11  Stalker  
  75  14:12  Zealot  
  75  14:16  Sentry  
  81  14:47  Stalker x3  
  87  15:09  Stalker  
  87  15:10  Stalker  
  87  15:12  Sentry  
  93  15:28  Stalker  
  95  15:29  Sentry  
  91  16:06  Stalker x2  
  91  16:07  Probe  
  96  16:18  Probe  
  97  16:30  Charge (Chrono Boost)  
  94  16:54  Probe  
  95  17:01  Zealot x2  
  95  17:05  Probe  
  90  17:15  Probe  
  90  17:17  High Templar  
  93  17:26  Probe  
  94  17:37  Probe  
  94  17:39  Assimilator  
  94  17:43  Assimilator  
  95  17:47  Probe  
  95  17:50  High Templar  
  98  17:55  Zealot x4  
  106  18:02  Probe  
  107  18:13  Probe, Pylon  
  107  18:15  Sentry  
  110  18:24  Probe  
Tags
 
Composition
MMM Bio
Matchup
PvT
Replay Pack
1st pack
Add a new tag
Caveats
  • Supply blocks, unpowered buildings, or Contaminate may cause inaccurate times.
  • Supply counts are checked every 10 seconds.